 Dungeon Crawl Stone Soup version 0.30.1-9-gdf580d7c3d (webtiles) character file.

Game seed: 12651522281122857155

226 Caestello the Shield-Bearer (level 6, -7/48 HPs)
             Began as a Formicid Fighter on Oct 10, 2023.
             Was an Initiate of Ashenzari.
             Mangled by an iguana (12 damage)
             ... on level 4 of the Dungeon.
             The game lasted 00:05:54 (2652 turns).

Caestello the Shield-Bearer (Formicid Fighter)      Turns: 2652, Time: 00:05:55

Health: -7/48      AC:  7    Str: 23    XL:     6   Next: 21%
Magic:  6/6        EV: 10    Int:  7    God:    Ashenzari [......]
Gold:   289        SH:  5    Dex: 13    Spells: 5/5 levels left

rFire   . . .        e - +2 spear (freeze)
rCold   . . .        c - +0 buckler
rNeg    . . .        b - +0 scale mail
rPois   .            (helmet unavailable)
rElec   .            (no cloak)
rCorr   .            (no gloves)
SInv    +            (no boots)
Will    .....        (no amulet) Stlth
                     (no ring)
HPRegen 0.28/turn    (no ring)
MPRegen 0.10/turn

%: no passive effects
@: no status effects
A: permanent stasis, dig shafts and tunnels, antennae 3, four strong arms
a: Dig, Shaft Self, Renounce Religion, Curse Item


You were on level 4 of the Dungeon.
You worshipped Ashenzari.
Ashenzari was noncommittal.
You visited 1 branch of the dungeon, and saw 4 of its levels.

You collected 289 gold pieces.

Inventory:

Hand Weapons
 a - a +0 long sword
 e - a +2 spear of freezing (weapon)
Missiles
 h - 2 throwing nets
Armour
 b - a +0 scale mail (worn)
 c - a +0 buckler (worn)
 g - a +0 plate armour
Jewellery
 q - an amulet of guardian spirit
Wands
 f - a wand of flame (24)
Scrolls
 j - 2 scrolls of teleportation
 k - a scroll of noise
 o - a scroll of blinking {unknown}
 p - 2 scrolls of immolation
Potions
 d - 2 potions of might
 i - a potion of haste {unknown}
 l - a potion of cancellation {unknown}
 m - a potion of degeneration {unknown}
 n - a potion of heal wounds {unknown}


   Skills:
 + Level 4.0 Fighting
 - Level 2.0 Long Blades
 * Level 3.0 Polearms
 * Level 4.5 Armour
 + Level 1.1 Dodging
 + Level 0.2 Stealth
 + Level 5.0 Shields
 + Level 0.2 Unarmed Combat


You had 5 spell levels left.
You didn't know any spells.
Your spell library was empty.

Dungeon Overview and Level Annotations

Branches:
Dungeon (4/15)
 Temple: D:4-7

Altars:
Ashenzari
Dithmenos
Gozag
Ru


Innate Abilities, Weirdness & Mutations

You cannot be hasted, slowed, berserked, paralysed or teleported.
You can dig through walls and to a lower floor.
You have a pair of large antennae on your head. (SInv)
Your four strong arms can wield two-handed weapons with a shield.


Message History

The endoplasm freezes you.
You are frozen.
You hit the endoplasm but do no damage.
The endoplasm is moderately wounded.
The endoplasm closely misses you.
You hit the endoplasm. You freeze the endoplasm.
You kill the endoplasm!
The iguana closely misses you. The iguana barely misses you.
You hit the iguana but do no damage. The iguana barely misses you.
You hit the iguana. You freeze the iguana.
The iguana is lightly wounded.
The iguana bites you!
You closely miss the iguana.
The iguana is lightly wounded.
The iguana bites you.
You completely miss the iguana.
The iguana is lightly wounded.
The iguana bites you!
You closely miss the iguana.
The iguana is lightly wounded.
You are no longer corroded.
The iguana bites you but does no damage.
You barely miss the iguana.
The iguana is lightly wounded.
The iguana bites you!
* * * LOW HITPOINT WARNING * * *
You hit the iguana.
The iguana seems to slow down.
You freeze the iguana.
The iguana is heavily wounded.
The iguana bites you.
* * * LOW HITPOINT WARNING * * *
You hit the iguana. You freeze the iguana.
The iguana is heavily wounded.
You hit the iguana but do no damage.
The iguana is heavily wounded.
You block the iguana's attack.
You closely miss the iguana.
The iguana is heavily wounded.
The iguana bites you!
You die...

#?......#.
#.........
##......$#
#.......##
#........#
####........###
###
#......l.....)#
...
#.@.....#.#.#.#
#
##+####.#.#.#.##
# #>..........#
#
##.....#....####
#.#####.[......
#.#.......##.##
#............##
###............
######
#..<.........


You could see an iguana (slow).

Vanquished Creatures
  A hound (D:4)
  A jelly (D:4)
  Natasha (twice) (D:4)
  Robin (D:2)
  An adder (D:2)
  An ufetubus (D:4)
  2 worms
  A dart slug (D:1)
  4 orcs
  10 endoplasms
  A giant cockroach (D:1)
  14 goblins
  9 hobgoblins
  4 quokkas
  4 ball pythons
  6 bats
  3 frilled lizards (D:1)
  6 kobolds
  6 rats
77 creatures vanquished.

Notes
Turn   | Place    | Note
-------+----------+-------------------------------------------
     0 | D:1      | Caestello the Formicid Fighter began the quest for the Orb.
     0 | D:1      | Reached XP level 1. HP: 18/18 MP: 1/1
    45 | D:1      | Reached XP level 2. HP: 15/24 MP: 2/2
   213 | D:1      | Reached XP level 3. HP: 30/30 MP: 3/3
   591 | D:1      | Reached skill level 1 in Polearms
   701 | D:2      | Reached XP level 4. HP: 37/37 MP: 4/4
   914 | D:2      | Found a sacrificial altar of Ru.
   922 | D:2      | Noticed Robin
   957 | D:2      | Killed Robin
  1364 | D:3      | Found a broken altar of Ashenzari.
  1371 | D:3      | Became a worshipper of Ashenzari the Shackled
  1921 | D:3      | Found a faded altar of an unknown god.
  2275 | D:4      | Found a shadowy altar of Dithmenos.
  2275 | D:4      | Found an opulent altar of Gozag.
  2286 | D:4      | Reached XP level 5. HP: 42/42 MP: 5/5
  2316 | D:4      | Noticed Natasha
  2327 | D:4      | Killed Natasha
  2481 | D:4      | Reached skill level 1 in Dodging
  2529 | D:4      | Noticed Natasha
  2541 | D:4      | Killed Natasha
  2551 | D:4      | Reached XP level 6. HP: 30/48 MP: 6/6
  2635 | D:4      | Reached skill level 5 in Shields
  2652 | D:4      | Mangled by an iguana

Illustrated notes

Levels and vault maps discovered:
D:1:      dreamdust_arrival_beginning_and_end, layout_basic
D:2:      layout_rooms, basic_altar, chequers_arboretum, st_stairs_14,
          nicolae_titane, uniq_robin
D:3:      layout_basic, lemuel_crystal_altar, chequers_ecumenical_altar_lobes
D:4:      layout_basic, mainiacjoe_overflow_divided_tiny, uniq_natasha

Skill      XL: |  1  2  3  4  5  6 |
---------------+-------------------+-----
Polearms       | 1 2 3 |  3.0
Armour         | 4 |  4.5
Dodging        | 1 |  1.1
Fighting       | 4 |  4.0
Shields        | 5 |  5.0
Long Blades    | |  2.0
Stealth        | |  0.2
Unarmed Combat | |  0.2

Action                     |  1- 3 |  4- 6 || total
---------------------------+-------+-------++-------
  Melee: Long sword        |    15 |       ||    15
         Spear             |    75 |   133 ||   208
         Unarmed           |       |     9 ||     9
Ability: Dig               |       |     1 ||     1
    Use: Scroll            |       |     4 ||     4
 Armour: Scale mail        |    46 |    42 ||    88
         Skin              |       |     3 ||     3
  Dodge: Dodged            |    40 |    74 ||   114
  Block: Buckler           |    21 |    28 ||    49
